 Dungeon Crawl Stone Soup version 0.19-a0-1008-g4c63d25 (webtiles) character file.

36 kae the Slasher (level 3, 0/31 HPs)
             Began as a Minotaur Fighter on July 22, 2016.
             Slain by Sigmund
             ... wielding a +3 scythe of flaming
              (3 damage)
             ... on level 2 of the Dungeon.
             The game lasted 00:01:01 (1006 turns).

kae the Slasher (Minotaur Fighter)                  Turns: 1006, Time: 00:01:01

Health: 0/31       AC:  6    Str: 25    XL:     3   Next: 19%
Magic:  2/2        EV:  7    Int:  6    God:
Gold:   63         SH:  9    Dex:  9    Spells: 0 memorised, 2 levels left

rFire  . . .     SeeInvis .     a - +0 long sword
rCold  . . .     Gourm    .     b - +0 scale mail
rNeg   . . .     Faith    .     c - +0 shield
rPois  .         Spirit   .     (helmet restricted)
rElec  .         Dismiss  .     (no cloak)
rCorr  .         Reflect  .     (no gloves)
SustAt .         Harm     .     (no boots)
MR     +....                    (no amulet)
Stlth  ..........               (no ring)
                                k - ring of protection from magic

@: mighty, somewhat resistant to hostile enchantments, extremely unstealthy
A: retaliatory headbutt, horns 2
a: no special abilities


You were on level 2 of the Dungeon.
You were not hungry.

You visited 1 branch of the dungeon, and saw 2 of its levels.

You collected 63 gold pieces.

Inventory:

Hand Weapons
 a - a +0 long sword (weapon)
Armour
 b - a +0 scale mail (worn)
 c - a +0 shield (worn)
Jewellery
 k - a ring of protection from magic (left hand)
 m - an uncursed ring of protection from cold {unknown}
Scrolls
 g - a scroll of teleportation {unknown}
 i - a scroll of magic mapping {unknown}
 j - a scroll of fear {unknown}
Potions
 e - a potion of curing {unknown}
 h - a potion of heal wounds {unknown}
 o - a potion of resistance {unknown}
 p - a potion of brilliance {unknown}
Comestibles
 f - a bread ration
 l - a meat ration
 n - a chunk of flesh


   Skills:
 - Level 3.6 Fighting
 + Level 4.4 Long Blades
 - Level 3.6 Armour
 - Level 3.6 Shields


You had 2 spell levels left.
You didn't know any spells.

Dungeon Overview and Level Annotations

Branches:
Dungeon (2/15)

Altars:

Annotations:
D:2 Sigmund


Innate Abilities, Weirdness & Mutations

You reflexively headbutt those who attack you in melee.
You have a pair of horns on your head.


Message History

Something hits you. Something burns you.
No target in view!
No target in view!
You see here 17 gold pieces.
You feel very mighty all of a sudden. Something hits you. Something burns you.
Something hits you. Something burns you.
You see here 17 gold pieces.
Something hits you. Something burns you.
You slash something! You block something's attack.
You barely miss something. Your headbutt misses something.
You closely miss something. Your headbutt misses something.
You hear some strange, mumbled words.
Something tries to affect you, but you resist.
You hear some strange, mumbled words.
Something tries to affect you, but you resist.
You miss something. Your headbutt misses something. Something hits you!
* * * LOW HITPOINT WARNING * * *
Something burns you.
You die...

#... #.. ### ####.#.#...
.... ..#.#.#.. ##.##
#.#.#.#.# #
....######.#.#.#.##.#.#.
........................
#..#......#.#.#$#
#..#..###.#.#.#@#
#..............{##
#.##..#.#.#.#....#
#.##..#.#.#.#......#
#.##..#.#.#.#....###
#.##..#.#.#.#....#
#.##..#.#.#.#....#
##.##..#.#.#.######
...##..#.#.#.#


There were no monsters in sight!

Vanquished Creatures
  An ooze (D:1)
  A worm (D:1)
  2 bats (D:1)
  A giant cockroach (D:1)
  4 goblins (D:1)
  5 hobgoblins (D:1)
  2 quokkas (D:2)
  4 giant newts (D:1)
  4 kobolds
  5 rats
29 creatures vanquished.

Notes
Turn   | Place    | Note
-------+----------+-------------------------------------------
     0 | D:1      | kae the Minotaur Fighter began the quest for the Orb.
     0 | D:1      | Reached XP level 1. HP: 19/19 MP: 0/0
    45 | D:1      | Reached skill level 3 in Long Blades
   227 | D:1      | Reached XP level 2. HP: 26/26 MP: 1/1
   467 | D:1      | Reached skill level 4 in Long Blades
   598 | D:1      | Reached XP level 3. HP: 31/31 MP: 2/2
   899 | D:2      | Found a faded altar of an unknown god.
   992 | D:2      | Noticed Sigmund
  1006 | D:2      | Slain by Sigmund

Vault maps used:
D:1:      lemuel_arrival_funnel
D:2:      ecumenical_altar_1, uniq_sigmund, uniq_iyjb, uniq_robin

Skill      XL: |  1  2 |
---------------+-------+-----
Long Blades    | 3 4 |  4.4
Fighting       | |  3.6
Armour         | |  3.6
Shields        | |  3.6

Action                   || total
-------------------------++-------
Melee: Long sword        ||    72
       Headbutt          ||    11
  Use: Potion            ||     1
Armor: Scale mail        ||    24
Dodge: Dodged            ||    11
Block: Shield            ||    25
